 Dungeon Crawl Stone Soup version 0.19.0-1-g5985abe (webtiles) character file.

46 Ladykiller69 the Charmwright (level 3, 0/29 HPs)
             Began as a Demigod Skald on Nov 2, 2016.
             Slain by Robin
             ... wielding a +0 spear
              (5 damage)
             ... on level 2 of the Dungeon.
             The game lasted 00:02:51 (1082 turns).

Ladykiller69 the Charmwright (Demigod Skald)        Turns: 1082, Time: 00:02:51

Health: 0/29       AC:  3    Str: 15    XL:     3   Next: 26%
Magic:  8/8        EV: 11    Int: 16    God:
Gold:   64         SH:  0    Dex: 17    Spells: 1 memorised, 5 levels left

rFire  . . .     SeeInvis .     a - +0 falchion
rCold  . . .     Gourm    .     b - +0 leather armour
rNeg   . . .     Faith    .     (no shield)
rPois  .         Spirit   .     (no helmet)
rElec  .         Reflect  .     (no cloak)
rCorr  .         Harm     .     (no gloves)
MR     .....                    (no boots)
Stlth  +.........               (no amulet)
                                (no ring)
                                (no ring)

@: no status effects
A: high mp 1
a: no special abilities


You were on level 2 of the Dungeon.
You were not hungry.

You visited 1 branch of the dungeon, and saw 2 of its levels.

You collected 64 gold pieces.

Inventory:

Hand Weapons
 a - a +0 falchion (weapon)
Armour
 b - a +0 leather armour (worn)
Jewellery
 g - an uncursed ring of protection from cold {unknown}
Scrolls
 e - a scroll of teleportation {unknown}
 i - a scroll of remove curse {unknown}
 j - a scroll of fog {unknown}
 l - a scroll of amnesia {unknown}
Potions
 h - 2 potions of curing {unknown}
Books
 c - a book of Battle

   Spells                             Type                      Level
   a - Infusion                       Charms                       1
   b - Shroud of Golubria             Charms/Translocation         2
   c - Song of Slaying                Charms                       2
   d - Spectral Weapon                Hexes/Charms                 3
   e - Regeneration                   Charms/Necromancy            3
Comestibles
 d - 2 bread rations
 f - 2 fruits
 k - 2 chunks of flesh


   Skills:
 + Level 2.1 Fighting
 * Level 2.3 Long Blades
 + Level 1.2 Armour
 + Level 1.0 Dodging
 + Level 2.2 Spellcasting
 + Level 3.0 Charms


You had 5 spell levels left.
You knew the following spells:

 Your Spells              Type           Power        Failure   Level  Hunger
a - Infusion              Chrm           ##..         10%         1    #......


Dungeon Overview and Level Annotations

Branches:
Dungeon (2/15)

Annotations:
D:2 Robin


Innate Abilities, Weirdness & Mutations

You have an increased reservoir of magic. (+10% MP)


Message History

The hobgoblin hits you with a club.
* * * LOW HITPOINT WARNING * * *
Robin says, "My goblins will feast on your bones."
You hit the hobgoblin.
You kill the hobgoblin!
The goblin closely misses you.
You riposte.
You hit the goblin but do no damage. You hit the goblin.
The goblin is severely wounded.
The goblin hits you.
* * * LOW HITPOINT WARNING * * *
The goblin no longer looks unusually strong.
You hit the goblin.
The goblin is almost dead.
The goblin closely misses you.
You hit the goblin.
You kill the goblin!
Robin barely misses you. Robin hits you from afar with a spear.
You die...

.....#########.# >.
..........#...
#..[##.#..#.#...# #
#.........#.....#.##
##.$.......#..#
#..#g##.#.....#
#.g#.#..g..##.#
#..#.#........#
#..#...#..@.###
#..########÷# .
#..##....##.###..#
#..##'##.##....# ###
#..#........##.# ..#
#..#......#..#.# #.#
#..#...........#
..#####..#......##.###
..'†g†...######.##.##


You could see Robin.

Vanquished Creatures
  2 leopard geckos
  A giant cockroach (D:1)
  14 goblins
  5 hobgoblins
  2 jackals (D:2)
  6 bats
  A frilled lizard (D:1)
  3 kobolds (D:1)
  4 rats (D:1)
38 creatures vanquished.

Notes
Turn   | Place    | Note
-------+----------+-------------------------------------------
     0 | D:1      | Ladykiller69 the Demigod Skald began the quest for the Orb.
     0 | D:1      | Reached XP level 1. HP: 17/17 MP: 5/5
   124 | D:1      | Reached skill level 1 in Armour
   492 | D:1      | Reached XP level 2. HP: 22/24 MP: 7/7
   688 | D:2      | Reached skill level 1 in Dodging
   706 | D:2      | Noticed Robin
  1014 | D:2      | Reached XP level 3. HP: 24/29 MP: 8/8
  1043 | D:2      | Reached skill level 3 in Charms
  1082 | D:2      | Slain by Robin

Skill      XL: |  1  2  3 |
---------------+----------+-----
Spellcasting   | 2 |  2.2
Armour         | 1 |  1.2
Long Blades    | 2 |  2.3
Fighting       | 2 |  2.1
Dodging        | 1 |  1.0
Charms         | 3 |  3.0

Action                   || total
-------------------------++-------
Melee: Falchion          ||    98
 Stab: Sleeping          ||     1
  Eat: Chunk             ||     1
Armor: Leather armour    ||    42
Dodge: Dodged            ||    86
       Rpst.: Falchion   ||    30
